 Dungeon Crawl Stone Soup version 0.25-a0-661-g55ea3d2053 (webtiles) character file.

Game seed: 10230715857048047315, levelgen mode: deterministic

480 DasRunzen the Slasher (level 6, -6/45 HPs)
             Began as a Demigod Gladiator on Mar 23, 2020.
             Mangled by a gnoll
             ... wielding a +0 spear
              (10 damage)
             ... on level 4 of the Dungeon.
             The game lasted 00:07:34 (2900 turns).

DasRunzen the Slasher (Demigod Gladiator)           Turns: 2900, Time: 00:07:34

Health: -6/45      AC:  5    Str: 17    XL:     6   Next: 55%
Magic:  12/12      EV: 14    Int: 16    God:
Gold:   207        SH:  0    Dex: 17    Spells: 9/9 levels left

rFire    . . .     SeeInvis .   m - +1 falchion (vorpal)
rCold    . . .     Gourm    .   (no shield)
rNeg     . . .     Faith    .   b - +0 leather armour
rPois    .         Spirit   .   c - +0 helmet
rElec    .         Reflect  .   j - +0 cloak
rCorr    .         Harm     .   (no gloves)
MR       .....                  (no boots)
Stlth    +.........             (no amulet)
HPRegen  0.15/turn              (no ring)
MPRegen  0.13/turn              (no ring)

@: no status effects
A: fangs 1, frail 1, high mp 1
a: no special abilities


You were on level 4 of the Dungeon.
You were near starving.

You visited 1 branch of the dungeon, and saw 4 of its levels.

You collected 207 gold pieces.

Inventory:

Hand Weapons
 a - a +1 long sword
 m - a +1 vorpal falchion (weapon)
Missiles
 d - 3 throwing nets (quivered)
Armour
 b - a +0 leather armour (worn)
 c - a +0 helmet (worn)
 j - a +0 cloak (worn)
Scrolls
 e - 3 scrolls of identify
 g - a scroll of remove curse
 h - a scroll of teleportation
Potions
 i - a potion of might
 k - a potion of haste
 l - a potion of curing
Comestibles
 f - 5 rations


   Skills:
 + Level 3.4 Fighting
 + Level 4.0 Long Blades
 - Level 1.7 Throwing
 + Level 2.5 Armour
 + Level 3.9 Dodging
 + Level 2.4 Spellcasting


You had 9 spell levels left.
You didn't know any spells.
Your spell library was empty.

Dungeon Overview and Level Annotations

Branches:
Dungeon (4/15)
 Temple: D:4-7


Innate Abilities, Weirdness & Mutations

You have an increased reservoir of magic. (+10% MP)
You have very sharp teeth.
You are frail. (-10% HP)


Message History

You closely miss the hound. The hound barely misses you.
You riposte.
You hit the hound.
The hound is moderately wounded.
The gnoll hits you but does no damage. The hound barely misses you.
You riposte.
You closely miss the hound.
The hound is moderately wounded.
You hit the hound. Your bite misses the hound.
The hound is moderately wounded.
The hound bites you.
* * * LOW HITPOINT WARNING * * *
The gnoll hits you but does no damage.
You miss the hound.
The hound is moderately wounded.
The hound bites you but does no damage. The gnoll misses you.
The hound completely misses you.
You barely miss the hound.
The hound is moderately wounded.
The hound barely misses you.
The gnoll hits you from afar with a +0 spear!
You die...

#.....# #
#.....# ###.
#.....# #.#.#
+.....# #.#.#
#.....#
#.#.#+.....#
#.#.#...g)###.#
#.#.#+#h)...>#
#.#.#@#######
#<#.#.#
#.#.#.##
#.#.#.#.# #.#.#
#.## #.#.# #.#
#.#.# ## #.#.#
.#.#


You could see a hound and a gnoll.

Vanquished Creatures
  Sigmund (D:2)
  A centaur skeleton (D:4)
  An orc priest (D:3)
  Ijyb (D:4)
  2 orc wizards
  A worker ant (D:4)
  6 gnolls
  4 adders
  3 worms (D:2)
  2 dart slugs
  3 leopard geckos
  4 orcs
  5 giant cockroaches
  5 goblins
  6 hobgoblins (D:1)
  2 jackals (D:3)
  6 kobolds
  A quokka (D:4)
  2 ball pythons
  7 bats
  5 frilled lizards
  7 rats
75 creatures vanquished.

Notes
Turn   | Place    | Note
-------+----------+-------------------------------------------
     0 | D:1      | DasRunzen the Demigod Gladiator began the quest for the
                  | Orb.
     0 | D:1      | Reached XP level 1. HP: 17/17 MP: 3/3
    98 | D:1      | Reached XP level 2. HP: 11/24 MP: 4/4
   546 | D:1      | Reached skill level 3 in Long Blades
   640 | D:2      | Noticed Sigmund
   659 | D:2      | Killed Sigmund
   659 | D:2      | Reached skill level 1 in Armour
   659 | D:2      | Reached skill level 1 in Spellcasting
   659 | D:2      | Reached XP level 3. HP: 17/30 MP: 6/8
   659 | D:2      | Reached XP level 4. HP: 21/37 MP: 6/9
   659 | D:2      | Reached XP level 5. HP: 23/42 MP: 6/10
   986 | D:2      | Found a shadowy altar of Dithmenos.
  1742 | D:3      | Gained mutation: You are frail. (-10% HP) [potion of
                  | mutation]
  1742 | D:3      | Gained mutation: You have very sharp teeth. [potion of
                  | mutation]
  2300 | D:3      | Found a faded altar of an unknown god.
  2431 | D:4      | Reached XP level 6. HP: 31/45 MP: 12/12
  2880 | D:4      | Noticed Ijyb
  2896 | D:4      | Killed Ijyb
  2896 | D:4      | Reached skill level 4 in Long Blades
  2900 | D:4      | Mangled by a gnoll

Levels and vault maps discovered:
D:1:      psy_arrival_dodecagon, layout_rooms
D:2:      layout_basic, nicolae_dithmenos_shadow_blocks, minmay_misc_feat_cross,
          chequers_serial_rivers_micro_d, uniq_sigmund
D:3:      layout_basic, chequers_ecumenical_altar_twisty, first_ration
D:4:      kennysheep_kobold_camp, layout_basic,
          minmay_temple_entry_drinking_statues, minmay_quadrilaterals,
          uniq_ijyb, uniq_duvessa

Skill      XL: |  1  2  3  4  5  6 |
---------------+-------------------+-----
Fighting       | 2 3 |  3.4
Long Blades    | 3 4 |  4.0
Dodging        | 3 |  3.9
Armour         | 1 2 |  2.5
Spellcasting   | 1 2 |  2.4
Throwing       | |  1.7

Action                   |  1- 3 |  4- 6 || total
-------------------------+-------+-------++-------
Melee: Long sword        |    84 |    84 ||   168
       Falchion          |       |    53 ||    53
       Bite              |       |    10 ||    10
  Use: Scroll            |     6 |     3 ||     9
       Potion            |     1 |     1 ||     2
 Stab: Sleeping          |     2 |       ||     2
       Invisible         |     1 |       ||     1
  Eat: Chunk             |       |     5 ||     5
Armor: Leather armour    |    28 |    43 ||    71
Dodge: Dodged            |    79 |   159 ||   238
       Rpst.: Long sword |    25 |    27 ||    52
       Falchion          |       |    17 ||    17

Table legend:
 A = Non-vault XP
 B = Vault XP
 C = Vault XP percentage of total XP
 D = Non-vault monster count
 E = Vault monster count
 F = Vault count percentage of total count
                 A         B        C        D         E       F
            +---------+---------+-------+---------+---------+-------
      Total |     437 |     250 |  36.4 |      71 |       3 |   4.1
            +---------+---------+-------+---------+---------+-------
        D:1 |      44 |       0 |   0.0 |      27 |       0 |   0.0
        D:2 |      76 |     212 |  73.6 |      18 |       1 |   5.3
        D:3 |     141 |       0 |   0.0 |      17 |       0 |   0.0
        D:4 |     176 |      38 |  17.8 |       9 |       2 |  18.2
            +---------+---------+-------+---------+---------+-------
